CAR
CAROLINA MUDCATS @ SALEM RED SOX
09/05/2099
 
TOP OF THE 1ST
Carolina Mudcats batting - Pitching for Salem Red Sox : RHP Josh Richards
Pitching: RHP Josh Richards
Batting: RHB Ronnie Lambert 0-0: Foul Ball, location: 9LMF
0-1: Ball
1-1: Ground out 4-3 (Groundball, 4D, EV 110.6 MPH)
Batting: RHB Kevin Gricus 0-0: Ground out 6-3 (Groundball, 6, EV 88.8 MPH)
Batting: LHB Cesar Flores 0-0: Called Strike
0-1: Ball
1-1: Ball
2-1: Fly out, F9 (Flyball, 9, EV 92.5 MPH)
Top of the 1st over - 0 runs, 0 hits, 0 errors, 0 left on base; Carolina 0 - Salem 0
BOTTOM OF THE 1ST
Salem Red Sox batting - Pitching for Carolina Mudcats : RHP Lance Edwards
Pitching: RHP Lance Edwards
Batting: RHB Eddie Chavez 0-0: Ball
1-0: Called Strike
1-1: Ground out 6-3 (Groundball, 6, EV 84.4 MPH)
Batting: RHB Mark Pearson 0-0: Called Strike
0-1: Ball
1-1: Ball
2-1: Ball
3-1: DOUBLE (Line Drive, 78M, EV 85.6 MPH)
Batting: RHB Marco Valenzuela 0-0: Ball
1-0: Ball
2-0: Ball
3-0: Called Strike
3-1: Base on Balls
Batting: RHB Joe McCullough 0-0: Called Strike
0-1: Ball
1-1: Called Strike
1-2: Ball
2-2: SINGLE (Line Drive, 78M, EV 105.6 MPH)
Mark Pearson to third
Marco Valenzuela to second
Batting: RHB Bill Torres 0-0: Ball
Wild Pitch!
Mark Pearson scores
Marco Valenzuela to third
Joe McCullough to second
1-0: Fly out, F8 (Flyball, 8LD, EV 105.0 MPH)
Runner from 3rd tags up, SCORES, throw by CF
Joe McCullough to third
Batting: RHB Jose Alvarez 0-0: Fly out, F9 (Flyball, 89M, EV 81.9 MPH)
Bottom of the 1st over - 2 runs, 2 hits, 0 errors, 1 left on base; Carolina 0 - Salem 2
TOP OF THE 2ND
Carolina Mudcats batting - Pitching for Salem Red Sox : RHP Josh Richards
Batting: RHB Ryan Harrison 0-0: Called Strike
0-1: Ball
1-1: Ball
2-1: Swinging Strike
2-2: Strikes out swinging
Batting: RHB Callum King 0-0: Ball
1-0: Foul Ball, location: 2F
1-1: Called Strike
1-2: Hit by Pitch
Batting: SHB Pablo Castillo 0-0: Ball
1-0: Ball
2-0: Fly out, F9 (Flyball, 9S, EV 94.4 MPH)
Batting: LHB Hector Cruz 0-0: Fly out, F7 (Line Drive, 7D, EV 85.6 MPH)
Top of the 2nd over - 0 runs, 0 hits, 0 errors, 1 left on base; Carolina 0 - Salem 2
BOTTOM OF THE 2ND
Salem Red Sox batting - Pitching for Carolina Mudcats : RHP Lance Edwards
Batting: RHB Matt Palmer 0-0: Called Strike
0-1: Ball
1-1: Ball
2-1: Ground out 4-3 (Groundball, 13, EV 83.8 MPH)
Batting: RHB Jesus Barvosa 0-0: Ball
1-0: Fly out, F7 (Flyball, 7, EV 89.4 MPH)
Batting: RHB John Ristau Jr. 0-0: Ball
1-0: Foul Ball, location: 2F
1-1: Fly out, F6 (Popup, 56D, EV 71.9 MPH)
Bottom of the 2nd over - 0 runs, 0 hits, 0 errors, 0 left on base; Carolina 0 - Salem 2
TOP OF THE 3RD
Carolina Mudcats batting - Pitching for Salem Red Sox : RHP Josh Richards
Batting: RHB Ed Morales 0-0: Ball
1-0: Foul Ball, location: 2LF
1-1: Ball
2-1: Called Strike
2-2: Ground out 6-3 (Groundball, 6, EV 100.6 MPH)
Batting: SHB Carlos Corona 0-0: Called Strike
0-1: Ball
1-1: Ball
2-1: Foul Ball, location: 2RF
2-2: Strikes out looking
Batting: RHB Ronnie Lambert 0-0: Foul Ball, location: 3F
0-1: Called Strike
0-2: Fly out, F8 (Line Drive, 8RD, EV 91.9 MPH)
Top of the 3rd over - 0 runs, 0 hits, 0 errors, 0 left on base; Carolina 0 - Salem 2
BOTTOM OF THE 3RD
Salem Red Sox batting - Pitching for Carolina Mudcats : RHP Lance Edwards
Batting: RHB Eddie Chavez 0-0: Foul Ball, location: 25FF
0-1: Foul Ball, location: 9LMF
0-2: Ball
1-2: SINGLE (Line Drive, 7LS, EV 101.3 MPH)
Batting: RHB Mark Pearson 0-0: Called Strike
Eddie Chavez steals 2nd base
0-1: Foul Ball, location: 9LDF
0-2: Ball
1-2: SINGLE (Groundball, 13S, EV 62.5 MPH) (infield hit)
Eddie Chavez to third
Batting: RHB Marco Valenzuela 0-0: Called Strike
0-1: Foul Ball, location: 2F
0-2: Ball
1-2: Foul Ball, location: 5F
1-2: SINGLE (Line Drive, 78S, EV 92.5 MPH)
Eddie Chavez scores
Mark Pearson to second
Batting: RHB Joe McCullough 0-0: Called Strike
0-1: Fly out, F6 (Popup, 6M, EV 47.5 MPH)
Batting: RHB Bill Torres 0-0: DOUBLE (Line Drive, 78XD, EV 103.1 MPH)
Mark Pearson scores
Marco Valenzuela to third
Runner from 3rd tries for Home, SAFE, throw by LF to trailing runner, SAFE at third!
Batting: RHB Jose Alvarez 0-0: Ground out 1-3 (Groundball, 13S, EV 66.9 MPH)
Batting: RHB Matt Palmer 0-0: Fly out, F9 (Line Drive, 9, EV 96.3 MPH)
Bottom of the 3rd over - 3 runs, 4 hits, 0 errors, 1 left on base; Carolina 0 - Salem 5
TOP OF THE 4TH
Carolina Mudcats batting - Pitching for Salem Red Sox : RHP Josh Richards
Batting: RHB Kevin Gricus 0-0: Ball
1-0: Ball
2-0: Foul Ball, location: 2F
2-1: Fly out, F3 (Popup, 34, EV 79.4 MPH)
Batting: LHB Cesar Flores 0-0: Ground out U3 (Groundball, 3L, EV 88.8 MPH)
Batting: RHB Ryan Harrison 0-0: Foul Ball, location: 2RF
0-1: Called Strike
0-2: Foul Ball, location: 23FF
0-2: Ground out 1-3 (Groundball, 13S, EV 68.1 MPH)
Top of the 4th over - 0 runs, 0 hits, 0 errors, 0 left on base; Carolina 0 - Salem 5
BOTTOM OF THE 4TH
Salem Red Sox batting - Pitching for Carolina Mudcats : RHP Lance Edwards
Batting: RHB Jesus Barvosa 0-0: Called Strike
0-1: Foul Ball, location: 5SF
0-2: SINGLE (Line Drive, 89M, EV 93.1 MPH)
Pitching: LHP Brad Reddick
Batting: RHB John Ristau Jr. 0-0: Foul Ball, location: 2F
0-1: Ball
1-1: Foul Ball, location: 2F
1-2: DOUBLE (Line Drive, 89D, EV 108.8 MPH)
Jesus Barvosa to third
Batting: RHB Eddie Chavez 0-0: TRIPLE (Line Drive, 89XD, EV 105.6 MPH)
Jesus Barvosa scores
John Ristau Jr. scores
Batting: RHB Mark Pearson 0-0: Ball
1-0: Ball
2-0: Foul Ball, location: 2F
2-1: Ball
3-1: Base on Balls
Batting: RHB Marco Valenzuela 0-0: Ball
1-0: Fly out, F8 (Flyball, 78M, EV 75.0 MPH)
Runner from 3rd tags up, SCORES, throw by CF
Batting: RHB Joe McCullough 0-0: Called Strike
0-1: Foul Ball, location: 3DF
0-2: Strikes out swinging
Batting: RHB Bill Torres 0-0: Called Strike
0-1: Swinging Strike
0-2: Ball
1-2: Strikes out swinging
Bottom of the 4th over - 3 runs, 3 hits, 0 errors, 1 left on base; Carolina 0 - Salem 8
TOP OF THE 5TH
Carolina Mudcats batting - Pitching for Salem Red Sox : RHP Josh Richards
Batting: RHB Callum King 0-0: Called Strike
0-1: Called Strike
0-2: Strikes out looking
Batting: SHB Pablo Castillo 0-0: Fly out, F9 (Flyball, 89M, EV 92.5 MPH)
Batting: LHB Hector Cruz 0-0: Ball
1-0: Fly out, F7 (Flyball, 78S, EV 76.3 MPH)
Top of the 5th over - 0 runs, 0 hits, 0 errors, 0 left on base; Carolina 0 - Salem 8
BOTTOM OF THE 5TH
Salem Red Sox batting - Pitching for Carolina Mudcats : LHP Brad Reddick
Batting: RHB Jose Alvarez 0-0: Called Strike
0-1: Foul Ball, location: 23FF
0-2: Strikes out swinging
Batting: RHB Matt Palmer 0-0: Called Strike
0-1: Ball
1-1: Called Strike
1-2: Ball
2-2: Ball
3-2: DOUBLE (Line Drive, 9LM, EV 111.3 MPH)
Batting: RHB Jesus Barvosa 0-0: Fly out, F7 (Flyball, 7, EV 78.1 MPH)
Batting: RHB John Ristau Jr. 0-0: Ball
1-0: Foul Ball, location: 9LDF
1-1: Ball
2-1: Foul Ball, location: 2F
2-2: Strikes out swinging
Bottom of the 5th over - 0 runs, 1 hit, 0 errors, 1 left on base; Carolina 0 - Salem 8
TOP OF THE 6TH
Carolina Mudcats batting - Pitching for Salem Red Sox : RHP Josh Richards
Batting: RHB Ed Morales 0-0: Called Strike
0-1: Called Strike
0-2: Fly out, F7 (Flyball, 7, EV 84.4 MPH)
Batting: SHB Carlos Corona 0-0: Ball
1-0: Called Strike
1-1: Ball
2-1: DOUBLE (Flyball, 78XD, EV 98.8 MPH)
Batting: RHB Ronnie Lambert 0-0: Ground out 5-3 (Groundball, 56S, EV 81.3 MPH)
Batting: RHB Kevin Gricus 0-0: Ball
1-0: Fly out, F7 (Line Drive, 7, EV 91.9 MPH)
Top of the 6th over - 0 runs, 1 hit, 0 errors, 1 left on base; Carolina 0 - Salem 8
BOTTOM OF THE 6TH
Salem Red Sox batting - Pitching for Carolina Mudcats : LHP Brad Reddick
Batting: RHB Eddie Chavez 0-0: Ball
1-0: DOUBLE (Line Drive, 78XD, EV 105.6 MPH)
Batting: RHB Mark Pearson 0-0: Ball
1-0: Called Strike
1-1: Swinging Strike
1-2: Foul Ball, location: 3F
1-2: Ground out 4-3 (Groundball, 4, EV 88.1 MPH)
Eddie Chavez to third
Batting: RHB Marco Valenzuela 0-0: Ball
1-0: Ground out 4-3 (Groundball, 34, EV 102.5 MPH)
Batting: RHB Joe McCullough 0-0: Ball
1-0: Called Strike
1-1: Ball
2-1: SINGLE (Groundball, 6MD, EV 100.0 MPH)
Eddie Chavez scores
Batting: RHB Bill Torres 0-0: Swinging Strike
0-1: Ball
1-1: Ball
2-1: Ball
3-1: Called Strike
3-2: Strikes out swinging
Bottom of the 6th over - 1 run, 2 hits, 0 errors, 1 left on base; Carolina 0 - Salem 9
TOP OF THE 7TH
Carolina Mudcats batting - Pitching for Salem Red Sox : RHP Josh Richards
Pinch Hitting: RHB Miguel de la Garza 0-0: Called Strike
0-1: Swinging Strike
0-2: Ground out 6-3 (Groundball, 6, EV 88.8 MPH)
Batting: RHB Ryan Harrison 0-0: Ball
1-0: Ball
2-0: Foul Ball, location: 23F
2-1: Foul Ball, location: 9LDF
2-2: Foul Ball, location: 2F
2-2: Ball
3-2: Foul Ball, location: 9LSF
3-2: Ground out 5-3 (Groundball, 5, EV 91.9 MPH)
Pinch Hitting: RHB Javier Avila 0-0: Foul Ball, location: 2LF
0-1: Swinging Strike
0-2: Strikes out swinging
Top of the 7th over - 0 runs, 0 hits, 0 errors, 0 left on base; Carolina 0 - Salem 9
BOTTOM OF THE 7TH
Salem Red Sox batting - Pitching for Carolina Mudcats : LHP Brad Reddick
Now at 1B: Javier Avila
Now in RF: Felix Trent
Pinch Hitting: LHB Devin Lotts 0-0: Called Strike
0-1: Fly out, F7 (Flyball, 78M, EV 93.1 MPH)
Pinch Hitting: RHB Jim James 0-0: Ball
1-0: Ball
2-0: Ball
3-0: Called Strike
3-1: Base on Balls
Pitching: LHP Luis Cedillo
Batting: RHB Jesus Barvosa 0-0: Foul Ball, location: 3FF
0-1: Foul Ball, location: 5F
0-2: Foul Ball, location: 3F
0-2: Ball
1-2: Grounds into double play, 6-4-3 (Groundball, 6, EV 86.3 MPH)
Bottom of the 7th over - 0 runs, 0 hits, 0 errors, 0 left on base; Carolina 0 - Salem 9
TOP OF THE 8TH
Carolina Mudcats batting - Pitching for Salem Red Sox : RHP Josh Richards
Now at SS: Jim James
Now in RF: Devin Lotts
Batting: SHB Pablo Castillo 0-0: Fly out, F5 (Popup, 56S, EV 88.1 MPH)
Batting: LHB Hector Cruz 0-0: Swinging Strike
0-1: Called Strike
0-2: Ground out U3 (Groundball, 34S, EV 87.5 MPH)
Batting: RHB Ed Morales 0-0: Swinging Strike
0-1: Called Strike
0-2: Ball
1-2: Ground out 6-3 (Groundball, P, EV 88.1 MPH)
Top of the 8th over - 0 runs, 0 hits, 0 errors, 0 left on base; Carolina 0 - Salem 9
BOTTOM OF THE 8TH
Salem Red Sox batting - Pitching for Carolina Mudcats : LHP Luis Cedillo
Batting: RHB John Ristau Jr. 0-0: Called Strike
0-1: Foul Ball, location: 25FF
0-2: Ball
1-2: Strikes out swinging, 2-3 out at first.
Batting: RHB Eddie Chavez 0-0: Ground out 6-3 (Groundball, 6, EV 87.5 MPH)
Batting: RHB Mark Pearson 0-0: Called Strike
0-1: Ball
1-1: Swinging Strike
1-2: Ball
2-2: Ball
3-2: Foul Ball, location: 9LMF
3-2: Base on Balls
Batting: RHB Marco Valenzuela 0-0: Ball
1-0: Ball
Wild Pitch!
Mark Pearson to second
2-0: Foul Ball, location: 3DF
2-1: Foul Ball, location: 2F
2-2: Foul Ball, location: 9LSF
2-2: Fly out, F9 (Flyball, 8RM, EV 93.1 MPH)
Bottom of the 8th over - 0 runs, 0 hits, 0 errors, 1 left on base; Carolina 0 - Salem 9
TOP OF THE 9TH
Carolina Mudcats batting - Pitching for Salem Red Sox : RHP Josh Richards
Batting: SHB Carlos Corona 0-0: Fly out, F9 (Line Drive, 89M, EV 104.4 MPH)
Pinch Hitting: SHB Dennis Vaupel 0-0: Ball
1-0: Called Strike
1-1: Foul Ball, location: 2F
1-2: Foul Ball, location: 7LSF
1-2: SINGLE (Line Drive, 9S, EV 93.1 MPH)
Batting: RHB Kevin Gricus 0-0: Ball
1-0: Fly out, F8 (Flyball, 89XD, EV 88.1 MPH)
Batting: RHB Felix Trent 0-0: Ball
1-0: Foul Ball, location: 3FF
1-1: Fly out, F6 (Popup, 6D, EV 60.6 MPH)
Top of the 9th over - 0 runs, 1 hit, 0 errors, 1 left on base; Carolina 0 - Salem 9
Wednesday, May 15th , 2024 - OOTP Baseball 24.11 Build 85